 Dungeon Crawl Stone Soup version 0.27.1-33-g824d729ab1 (webtiles) character file.

Game seed: 12266660346216779076

236 potato4science the Sneak (level 6, -3/38 HPs)
             Began as an Octopode Enchanter on Dec 17, 2021.
             Was an Initiate of Dithmenos.
             Splashed by a jelly's acid (8 damage)
             ... on level 4 of the Dungeon.
             The game lasted 00:18:51 (3544 turns).

potato4science the Sneak (Octopode Enchanter)       Turns: 3544, Time: 00:18:53

Health: -3/38      AC: -7    Str:  7    XL:     6   Next: 6%
Magic:  1/10       EV: 17    Int: 20    God:    Dithmenos [......]
Gold:   151        SH:  0    Dex: 12    Spells: 8/11 levels left

rFire    . . .     SeeInvis .   a - +1 dagger
rCold    + . .     Faith    .   (no shield)
rNeg     . . .     Spirit   .   (helmet restricted)
rPois    .         Reflect  .   (no amulet)
rElec    .         Harm     .   c - +4 ring of evasion
rCorr    .         Rampage  .   e - ring of protection from cold
Will     .....                  (no ring)
Stlth    ++++......             (no ring)
HPRegen  0.12/turn              (no ring)
MPRegen  0.12/turn              (no ring)
                                (no ring)
                                (no ring)

@: corroded, very slightly contaminated
A: almost no armour, amphibious, 8 rings, camouflage 1, gelatinous body 1,
(nimble swimmer 1), tentacles
a: Renounce Religion


You were on level 4 of the Dungeon.
You worshipped Dithmenos.
Dithmenos was noncommittal.
You visited 1 branch of the dungeon, and saw 4 of its levels.

You collected 151 gold pieces.

Inventory:

Hand Weapons
 a - a +1 dagger (weapon)
Jewellery
 c - a +4 ring of evasion (left tentacle)
 e - a ring of protection from cold (right tentacle)
Wands
 k - a wand of iceblast (4)
Scrolls
 b - a scroll of fog
 d - a scroll of identify
 i - a scroll of acquirement {unknown}
Potions
 f - a potion of heal wounds
 g - a potion of attraction {unknown}
 h - a potion of brilliance
 j - a potion of degeneration {unknown}


   Skills:
 - Level 1.0 Fighting
 - Level 1.0 Short Blades
 - Level 2.0 Dodging
 + Level 6.0 Stealth
 - Level 3.0 Spellcasting
 - Level 5.0 Hexes


You had 8 spell levels left.
You knew the following spells:

 Your Spells              Type           Power      Damage    Failure   Level
a - Corona                Hex            25%        N/A       1%          1
b - Ensorcelled Hibernat  Hex/Ice        26%        N/A       8%          2

Your spell library contained the following spells:

 Spells                   Type           Power      Damage    Failure   Level
 Slow                     Hex            23%        N/A       2%          2
 Confusing Touch          Hex            23%        N/A       5%          3
 Tukima's Dance           Hex            23%        N/A       5%          3
 Beastly Appendage        Tmut           6%         N/A       14%         1
 Magic Dart               Conj           12%        1d3       14%         1
 Dazzling Flash           Conj/Hex       26%        N/A       16%         3
 Call Imp                 Summ           3%         N/A       22%         2
 Wereblood                Tmut           3%         N/A       22%         2
 Mephitic Cloud           Conj/Pois/Air  3%         N/A       38%         3
 Spider Form              Tmut/Pois      1%         N/A       38%         3
 Vampiric Draining        Necr           1%         2d6       38%         3


Dungeon Overview and Level Annotations

Branches:
Dungeon (4/15)
 Temple: D:4-7

Altars:
Dithmenos
Kikubaaqudgha
Qazlal


Innate Abilities, Weirdness & Mutations

You cannot wear most types of armour.
You are amphibious.
You can wear up to eight rings at the same time.
Your skin changes colour to match your surroundings (Stealth+).
Your rubbery body absorbs attacks. (AC +1, EV +1)
((You are camouflaged near water. (Stealth+)))
You have tentacles for arms and can constrict up to eight enemies at once.


Message History

Found 17 stones.
You see here the +1 robe of Moareatrath {Int+2 Dex+4}.
j - a sedimented dark potion
Found a scale mail.
A goblin comes into view. It is wielding a +0 club.
Found a scroll labelled DUNANA DORR.
Found a long sword.
A jelly comes into view.
Found a metallic ruby potion.
Found a halberd.
Found an escape hatch in the floor.
The jelly quivers.
The helpless goblin fails to defend itself.
You impale the goblin!!
You kill the goblin!
Dithmenos accepts your kill.
The jelly resists with significant effort.
The jelly barely misses you.
The jelly resists with significant effort.
The jelly hits you but does no damage.
The jelly resists with significant effort.
The jelly hits you. The acid corrodes you!
You are splashed with acid!
You miscast Ensorcelled Hibernation.
You are very lightly contaminated with residual magic.
Nothing appears to happen.
The jelly completely misses you.
The jelly resists with significant effort.
The jelly misses you.
You hit the jelly but do no damage.
Your tentacles burn!
The jelly barely misses you.
You barely miss the jelly. The jelly barely misses you.
You hit the jelly but do no damage.
Your tentacles burn!
You squeeze the jelly, but do no damage.
The jelly hits you.
You are splashed with acid!
* * * LOW HITPOINT WARNING * * *
You hit the jelly.
Your tentacles burn!
* * * LOW HITPOINT WARNING * * *
The jelly is lightly wounded.
The jelly hits you.
* * * LOW HITPOINT WARNING * * *
The acid corrodes you!
You are splashed with acid!
You die...

######..)...#########.#.##.
######.#### .. #..(##.##
.###
###...##^.###########.#
......###.........?...#
......# #.............#
......# #...........).#
......###.............#
................@)....#
...............##J....#
...............# .....#
##########.....# .....# #
#[....# ....!# # #######
.....# # ....>.. .....).


You could see a jelly.

Vanquished Creatures
  Jessica (D:2)
  Ijyb (D:3)
  Terence (D:3)
  An orc wizard (D:3)
  A hound skeleton (D:4)
  3 gnolls (D:2)
  3 adders
  4 worms
  2 orcs (D:3)
  5 bats
  4 endoplasms
  A giant cockroach (D:1)
  6 goblins
  2 hobgoblins
  7 jackals
  3 quokkas
  4 ball pythons
  3 frilled lizards
  5 rats
57 creatures vanquished.

Vanquished Creatures (others)
  A plant (D:1)
1 creature vanquished.

Grand Total: 58 creatures vanquished

Notes
Turn   | Place    | Note
-------+----------+-------------------------------------------
     0 | D:1      | potato4science the Octopode Enchanter began the quest for
                  | the Orb.
     0 | D:1      | Reached XP level 1. HP: 11/11 MP: 3/3
   427 | D:1      | Reached XP level 2. HP: 17/17 MP: 5/5
   885 | D:1      | Found a faded altar of an unknown god.
   949 | D:2      | Noticed Jessica
   967 | D:2      | Killed Jessica
   968 | D:2      | Reached skill level 1 in Fighting
   968 | D:2      | Reached XP level 3. HP: 23/23 MP: 6/6
   971 | D:2      | Learned a level 2 spell: Ensorcelled Hibernation
  1158 | D:2      | Reached XP level 4. HP: 28/28 MP: 7/7
  1805 | D:3      | Noticed Terence
  1816 | D:3      | HP: 1/28 [hobgoblin (3)]
  1818 | D:3      | Killed Terence
  1819 | D:3      | Reached XP level 5. HP: 1/33 MP: 3/9
  2259 | D:3      | Reached skill level 5 in Hexes
  2391 | D:3      | Reached skill level 5 in Stealth
  2522 | D:3      | Noticed Ijyb
  2626 | D:3      | Killed Ijyb
  3016 | D:3      | Found an ancient bone altar of Kikubaaqudgha.
  3018 | D:3      | Found a stormy altar of Qazlal.
  3435 | D:4      | Reached skill level 6 in Stealth
  3435 | D:4      | Reached XP level 6. HP: 37/38 MP: 10/10
  3457 | D:4      | Found a shadowy altar of Dithmenos.
  3464 | D:4      | Became a worshipper of Dithmenos the Shadowed
  3514 | D:4      | Identified the +1 robe of Moareatrath {Int+2 Dex+4}
  3544 | D:4      | Splashed by a jelly's acid

Illustrated notes

Levels and vault maps discovered:
D:1:      mrwooster_arrival_statue_3, layout_basic,
          shapermc_ecumenical_altar_petra
D:2:      layout_basic, minmay_misc_feat_rows, uniq_jessica
D:3:      layout_loops_cross, chequers_temple_overflow_statue_of_worship,
          uniq_terence, uniq_ijyb
D:4:      layout_basic, mainiacjoe_overflow_paths, uniq_crazy_yiuf_cottage,
          uniq_duvessa

Skill      XL: |  1  2  3  4  5 |
---------------+----------------+-----
Hexes          | 4 5 |  5.0
Fighting       | 1 |  1.0
Spellcasting   | 3 |  3.0
Stealth        | 6 |  6.0
Short Blades   | |  1.0
Dodging        | |  2.0

Action                   |  1- 3 |  4- 6 || total
-------------------------+-------+-------++-------
Melee: Dagger            |    36 |   105 ||   141
       Constrict         |     7 |    14 ||    21
       Tentacles         |     4 |    12 ||    16
 Cast: Corona            |     3 |    12 ||    15
       Ensorcelled Hiber |       |    31 ||    31
  Use: Potion            |       |     1 ||     1
       Scroll            |       |     4 ||     4
 Stab: Sleeping          |     9 |    22 ||    31
Armor: Skin              |     3 |     6 ||     9
Dodge: Dodged            |    15 |    76 ||    91
